 Dungeon Crawl Stone Soup version 0.31-a0-313-g785cd24033 (webtiles) character file.

Game seed: 3553383216697563770

653 AdnanSaban the Cudgeller (level 7, -7/44 HPs)
             Began as a Gargoyle Fighter on July 17, 2023.
             Mangled by an iguana (10 damage)
             ... on level 5 of the Dungeon.
             The game lasted 00:07:28 (4565 turns).

AdnanSaban the Cudgeller (Gargoyle Fighter)         Turns: 4565, Time: 00:07:29

Health: -7/44      AC: 17    Str: 21    XL:     7   Next: 54%
Magic:  7/7        EV:  8    Int:  9    God:
Gold:   217        SH:  4    Dex:  9    Spells: 6/6 levels left

rFire   . . .        a - +0 flail
rCold   . . .        c - +0 buckler
rNeg    + . .        o - +0 chain mail
rPois   ∞            (no helmet)
rElec   +            q - +0 cloak
rCorr   .            (no gloves)
SInv    .            s - +0 pair of boots
Will    .....        (no amulet) Stlth
                     (no ring)
HPRegen 0.27/turn    (no ring)
MPRegen 0.10/turn

%: no passive effects
@: no status effects
A: sickness immunity, AC +4, negative energy resistance 1, electricity
resistance, torment resistance 1, petrification resistance
a: no special abilities


You were on level 5 of the Dungeon.
You visited 1 branch of the dungeon, and saw 5 of its levels.

You collected 217 gold pieces.

Inventory:

Hand Weapons
 a - a +0 flail (weapon)
Armour
 c - a +0 buckler (worn)
 o - a +0 chain mail (worn)
 q - a +0 cloak (worn)
 s - a +0 pair of boots (worn)
Jewellery
 k - a ring of wizardry
Wands
 u - a wand of acid (9)
 v - a wand of flame (6)
 y - a wand of digging (6)
Scrolls
 b - a scroll of fear {unknown}
 e - 5 scrolls of teleportation {unknown}
 f - 6 scrolls of identify {unknown}
 h - a scroll of fog {unknown}
 i - a scroll of noise {unknown}
 j - 2 scrolls of poison {unknown}
 l - a scroll of revelation {unknown}
 n - 2 scrolls of amnesia {unknown}
 w - a scroll of summoning {unknown}
 A - a scroll of torment {unknown}
Potions
 d - a potion of might
 g - 2 potions of curing {unknown}
 m - 3 potions of heal wounds {unknown}
 p - 2 potions of brilliance {unknown}
 r - a potion of mutation {unknown}
 t - 2 potions of haste {unknown}
 x - a potion of magic {unknown}
 z - a potion of enlightenment {unknown}


   Skills:
 + Level 4.8 Fighting
 + Level 5.7 Maces & Flails
 + Level 5.3 Armour
 + Level 4.5 Shields


You had 6 spell levels left.
You didn't know any spells.
Your spell library contained the following spells:

 Spells                   Type           Power      Damage    Failure   Level
 Magic Dart               Conj           0%         1d3       97%         1
 Summon Small Mammal      Summ           0%         N/A       97%         1
 Call Imp                 Summ           0%         N/A       99%         2
 Ensorcelled Hibernation  Hex/Ice        0%         N/A       99%         2
 Searing Ray              Conj           0%         2d4       99%         2
 Call Canine Familiar     Summ           0%         N/A       100%        3
 Dazzling Flash           Conj/Hex       0%         N/A       100%        3
 Mephitic Cloud           Conj/Pois/Air  0%         N/A       100%        3
 Summon Guardian Golem    Hex/Summ       0%         N/A       100%        3
 Volatile Blastmotes      Fire/Tloc      0%         2d10      100%        3
 Anguish                  Hex/Necr       0%         N/A       100%        4
 Fulminant Prism          Conj/Hex       0%         3d5       100%        4
 Starburst                Conj/Fire      0%         6d3       100%        6
 Maxwell's Capacitive Co  Air            0%         ∞         100%        8


Dungeon Overview and Level Annotations

Branches:
Dungeon (5/15)
 Temple: D:4-7

Altars:


Innate Abilities, Weirdness & Mutations

You are immune to sickness and miasma.
Your stone body is resilient. (AC +4)
You are immune to poison.
You resist negative energy. (rN+)
You are resistant to electric shocks. (rElec)
You are resistant to unholy torment.
You are immune to petrification.


Message History

The ice beast hits you but does no damage.
The iguana hisses menacingly.
The ice beast hits you but does no damage.
You hit the ice beast.
The ice beast is lightly wounded.
The ice beast hits you but does no damage.
You barely miss the ice beast.
The ice beast is lightly wounded.
You block the ice beast's attack.
You hit the ice beast.
The ice beast is lightly wounded.
The ice beast hits you. The ice beast freezes you.
You hit the ice beast.
The ice beast is lightly wounded.
The ice beast hits you but does no damage.
You sock the ice beast!
The ice beast is heavily wounded.
You block the ice beast's attack.
You barely miss the ice beast.
The ice beast is heavily wounded.
The ice beast hits you but does no damage.
You hit the ice beast.
The ice beast is heavily wounded.
The ice beast hits you but does no damage.
The ice beast hits you. The ice beast freezes you!
You hit the ice beast.
The ice beast is severely wounded.
The ice beast hits you. The ice beast freezes you!
* * * LOW HITPOINT WARNING * * *
You hit the ice beast.
The ice beast is almost dead.
The ice beast hits you but does no damage.
You sock the ice beast!
You kill the ice beast!
You closely miss the iguana. The iguana closely misses you.
You closely miss the iguana. The iguana bites you.
* * * LOW HITPOINT WARNING * * *
You barely miss the iguana. You block the iguana's attack. x2
You barely miss the iguana. The iguana bites you!
You die...

#.# #.#
.. #.#
.. #.#
.# #.#
l# #.#
.# #.#
.#
#.###.#
#.@l..#
#.#####
###


You could see an iguana.

Vanquished Creatures
  An ice beast (D:5)
  2 phantoms
  An orc priest (D:5)
  A hound (D:3)
  A gnoll bouda (D:3)
  Robin (D:4)
  8 adders
  10 gnolls
  A shadow imp (D:5)
  3 worms
  2 dart slugs
  5 orcs
  7 ball pythons
  6 endoplasms
  5 giant cockroaches
  16 goblins
  19 hobgoblins
  6 jackals (D:3)
  5 quokkas
  3 bats (D:1)
  4 frilled lizards
  8 kobolds
  3 rats
118 creatures vanquished.

Notes
Turn   | Place    | Note
-------+----------+-------------------------------------------
     0 | D:1      | AdnanSaban the Gargoyle Fighter began the quest for the
                  | Orb.
     0 | D:1      | Reached XP level 1. HP: 14/14 MP: 1/1
    86 | D:1      | Reached XP level 2. HP: 16/19 MP: 2/2
   196 | D:1      | Found a faded altar of an unknown god.
   293 | D:1      | Reached XP level 3. HP: 18/24 MP: 3/3
   907 | D:2      | Reached XP level 4. HP: 29/29 MP: 4/4
  2329 | D:3      | Reached XP level 5. HP: 33/33 MP: 5/5
  3340 | D:4      | Noticed a phantom
  3356 | D:3      | Reached XP level 6. HP: 26/38 MP: 6/6
  3440 | D:4      | Noticed Robin
  3454 | D:4      | Killed Robin
  3718 | D:4      | Reached skill level 5 in Armour
  4189 | D:5      | Entered Level 5 of the Dungeon
  4266 | D:5      | Reached XP level 7. HP: 44/44 MP: 7/7
  4301 | D:5      | Reached skill level 5 in Maces & Flails
  4559 | D:5      | HP: 2/44 [ice beast (14)]
  4565 | D:5      | Mangled by an iguana

Illustrated notes

Levels and vault maps discovered:
D:1:      spicycebolla_arrival_transporter_tutorial, layout_basic,
          hellmonk_ecumenical_altar_defaced_shrine
D:2:      layout_loops_cross
D:3:      layout_loops_corners, serial_co_window_serial, co_window_paths_a,
          co_window_paths_a, co_window_paths_a, co_window_paths_b,
          co_window_corner_a, co_window_corner_ca, co_window_2corner,
          co_window_unsneaky_path_e, co_window_cross_3,
          co_window_unsneaky_path_b, co_window_corner_b, co_window_4corner_b,
          glass_columns_a, glass_columns_b, glass_columns_b, glass_columns_b,
          glass_columns_b
D:4:      wander_river, layout_rooms, uniq_robin
D:5:      layout_basic

Skill      XL: |  1  2  3  4  5  6  7 |
---------------+----------------------+-----
Maces & Flails | 3 4 5 |  5.7
Armour         | 4 5 |  5.3
Fighting       | 4 |  4.8
Shields        | 4 |  4.5

Action                     |  1- 3 |  4- 6 |  7- 9 || total
---------------------------+-------+-------+-------++-------
  Melee: Flail             |   136 |   326 |    61 ||   523
 Armour: Scale mail        |    99 |     2 |       ||   101
         Chain mail        |       |   243 |    30 ||   273
  Dodge: Dodged            |    85 |   169 |    10 ||   264
  Block: Buckler           |    36 |    90 |    15 ||   141

Table legend: (Time is in decaauts)
 A = Elapsed time spent in this place.
 B = Non-inter-level travel time spent in this place.
 C = Inter-level travel time spent in this place.
 D = Time resting spent in this place.
 E = Time spent auto-exploring this place.
 F = Levels seen in this place.
 G = Mean time per level.
                   A        B        C        D        E       F      G
               +--------+--------+--------+--------+--------+-----+--------+
         Total |   4727 |   4584 |    143 |    569 |   2768 |   5 |  945.4 |
       Dungeon |   4727 |   4584 |    143 |    569 |   2768 |   5 |  945.4 |
               +--------+--------+--------+--------+--------+-----+--------+

Top non-repeatable levels by time:
     D:3: 1956 daAuts
     D:1: 886 daAuts
     D:4: 873 daAuts
     D:2: 731 daAuts
     D:5: 279 daAuts
